 Dungeon Crawl Stone Soup version 0.32-a0-814-g0968bab981 (webtiles) character file.

Game seed: 11279755667957982525

281 Vendren the Sneak (level 6, -9/49 HPs)
             Began as a Merfolk Delver on Mar 22, 2024.
             Was a Believer of Nemelex Xobeh.
             Killed by an exploding ice beast (34 damage)
             ... ignited by their inner flame
             ... on level 4 of the Dungeon.
             The game lasted 00:26:59 (2636 turns).

Vendren the Sneak (Merfolk Delver)                  Turns: 2636, Time: 00:27:00

Health: -9/49      AC: 15    Str: 14    XL:     6   Next: 27%
Magic:  6/6        EV:  4    Int: 10    God:    Nemelex Xobeh [**....]
Gold:   130        SH:  5    Dex: 21    Spells: 5/5 levels left

rFire   . . .        a - +1 spear
rCold   . . .        (no shield)
rNeg    . . .        K - +0 plate armour
rPois   .            v - +1 helmet
rElec   .            G - +0 cloak
rCorr   .            e - +0 pair of gloves
SInv    .            k - +0 pair of boots
Will    +....        D - amulet of reflection Stlth
                     i - ring of willpower
HPRegen 0.28/turn    u - +6 ring of dexterity
MPRegen 0.10/turn

%: reflection
@: no status effects
A: (nimble swimmer 2), mertail
a: Renounce Religion, Draw Escape, Draw Destruction, Draw Summoning


You were on level 4 of the Dungeon.
You worshipped Nemelex Xobeh.
Nemelex Xobeh was pleased with you.
You visited 1 branch of the dungeon, and saw 5 of its levels.

You collected 130 gold pieces.

Inventory:

Hand Weapons
 a - a +1 spear (weapon)
 w - a +2 dagger of venom
 x - a +1 dagger of flaming
 C - a +0 hand axe of electrocution
Missiles
 y - 19 stones
 J - 2 throwing nets
Armour
 b - a +0 leather armour
 e - a +0 pair of gloves (worn)
 j - a +0 scale mail
 k - a +0 pair of boots (worn)
 m - a +0 ring mail
 v - a +1 helmet (worn)
 B - a +0 chain mail
 G - a +0 cloak (worn)
 K - a +0 plate armour (worn)
Jewellery
 i - a ring of willpower (left hand)
 u - a +6 ring of dexterity (right hand)
 D - an amulet of reflection (around neck)
Wands
 g - a wand of digging (2)
 E - a wand of flame (14) (quivered)
Scrolls
 c - a scroll of fog
 d - 2 scrolls of amnesia
 h - 3 scrolls of identify
 F - a scroll of poison
Potions
 l - a potion of degeneration {unknown}
 n - 2 potions of enlightenment
 o - a potion of cancellation {unknown}
 p - a potion of lignification {unknown}
 r - 3 potions of curing {unknown}
 s - a potion of resistance {unknown}
 A - a potion of heal wounds
 I - a potion of might {unknown}


   Skills:
 + Level 4.5 Fighting
 * Level 5.3 Polearms
 - Level 1.0 Armour
 - Level 4.0 Dodging
 + Level 6.4 Stealth


You had 5 spell levels left.
You didn't know any spells.
Your spell library contained the following spells:

 Spells                   Type           Power      Damage    Failure   Level
 Frozen Ramparts          Ice            0%         1d1       100%        3
 Ozocubu's Armour         Ice            0%         N/A       100%        3
 Passwall                 Erth           0%         N/A       100%        3
 Volatile Blastmotes      Fire/Tloc      0%         2d10      100%        3
 Metabolic Englaciation   Hex/Ice        0%         N/A       100%        5
 Bombard                  Conj/Erth      0%         9d1       100%        6


Dungeon Overview and Level Annotations

Branches:
Dungeon (5/15)
 Temple: D:4-7

Altars:
Gozag
Nemelex Xobeh
Zin

Shops:
D:3 =

Annotations:
D:4 Blork the orc, Pikel


Innate Abilities, Weirdness & Mutations

((You are very nimble when in or above water. (Stealth+, EV+, Speed+++)))
Your lower body shifts to a powerful aquatic tail in water.


Message History

Reach: a) +1 spear
Press: ? - help, Dir - move target, f/p - Sigmund
Aim: Sigmund, wielding a +0 scythe and wearing a +0 robe (lightly wounded, inner flame, about 34% to evade your +1 spear)
You reach to attack!
You hit Sigmund.
Flame seeps out of Sigmund.
Sigmund is moderately wounded.
Pikel barely misses you.
The lemure hits you but does no damage. x2
Blork the orc casts a spell.
Blork the orc seems to speed up.
The ice beast barely misses you.
Reach: a) +1 spear
Press: ? - help, Dir - move target, f/p - Sigmund
Aim: Sigmund, wielding a +0 scythe and wearing a +0 robe (flame, moderately wounded, inner flame, about 34% to evade your +1 spear)
You reach to attack!
You closely miss Sigmund.
Sigmund is moderately wounded.
Pikel hits you but does no damage.
Sigmund is engulfed in blazing flames.
Flame seeps out of Sigmund.
Sigmund barely misses you. The lemure hits you. You block the lemure's attack.
The ice beast hits you but does no damage.
Reach: a) +1 spear
Press: ? - help, Dir - move target, f/p - Sigmund
Aim: Sigmund, wielding a +0 scythe and wearing a +0 robe (flame, severely wounded, inner flame, about 34% to evade your +1 spear)
You reach to attack!
You hit Sigmund but do no damage.
Sigmund is severely wounded.
Blork the orc begins to cast a cantrip, but forgets the words!
The lemure hits you but does no damage. You block Pikel's attack.
The lemure hits you but does no damage.
Reach: a) +1 spear
Press: ? - help, Dir - move target, f/p - Sigmund
Aim: Sigmund, wielding a +0 scythe and wearing a +0 robe (flame, severely wounded, inner flame, about 34% to evade your +1 spear)
You reach to attack!
You hit Sigmund but do no damage.
Sigmund is severely wounded.
The ice beast hits you but does no damage.
Sigmund is engulfed in blazing flames.
Sigmund explodes!
The fiery explosion engulfs the ice beast!!
The ice beast melts!
The ice beast explodes!
The fiery explosion engulfs you!!
Ouch! That really hurt!
You die...
Your body glows slightly and disappears.

###.##..##...#
..#......# ###
..#..><..# .####)####
######## .###....####
##......# ..#.....#..?.
#.....†.# ..'.....#.....
##.....##
..#.....#......######'##
..#.....#.....55@§°§...#
..#.....#.....55K§§§...#
##########'##..##.(....#
######..##.##o. #'######
............... #.?
.........>.>... .<..
.....?..............
........<............
.....5K.....Y..##?...


You could see Pikel (inner flame), Blork the orc (fast, inner flame) and 4
lemures.

Vanquished Creatures
  Sigmund (D:4)
  An ice beast (D:4)
  2 hounds (D:4)
  A sleepcap (D:4)
  Ijyb (D:3)
  Jessica (D:3)
  Robin (D:2)
  4 gnolls (D:3)
  An adder (D:2)
  A ribbon worm (D:2)
  A dart slug (D:1)
  2 orcs
  6 endoplasms
  3 giant cockroaches
  11 goblins
  12 hobgoblins
  2 quokkas
  7 ball pythons
  6 bats
  5 kobolds
  6 rats
75 creatures vanquished.

Notes
Turn   | Place    | Note
-------+----------+-------------------------------------------
     0 | D:5      | Vendren the Merfolk Delver began the quest for the Orb.
     0 | D:5      | Reached XP level 1. HP: 18/18 MP: 1/1
    14 | D:5      | Noticed a water moccasin
    32 | D:5      | Found a sparkling altar of Nemelex Xobeh.
    32 | D:5      | Found an opulent altar of Gozag.
    38 | D:5      | Became a worshipper of Nemelex Xobeh the Trickster
    74 | D:4      | Noticed a hound
    74 | D:4      | Noticed a sleepcap
   180 | D:2      | Reached XP level 2. HP: 18/24 MP: 2/2
   292 | D:1      | Reached XP level 3. HP: 29/29 MP: 3/3
   349 | D:1      | Reached * piety under Nemelex Xobeh
   879 | D:1      | Received a gift from Nemelex Xobeh
  1157 | D:2      | Noticed Robin
  1202 | D:2      | Killed Robin
  1203 | D:2      | Reached skill level 6 in Stealth
  1203 | D:2      | Reached XP level 4. HP: 18/37 MP: 4/4
  1797 | D:3      | Noticed Jessica
  1801 | D:3      | Killed Jessica
  1806 | D:3      | Noticed Ijyb
  1826 | D:3      | Killed Ijyb
  1827 | D:3      | Reached XP level 5. HP: 18/42 MP: 5/5
  1951 | D:3      | Reached ** piety under Nemelex Xobeh
  2007 | D:3      | Found Benazug's One-of-a-Kind Rings.
  2224 | D:3      | Reached skill level 1 in Armour
  2445 | D:4      | Reached skill level 5 in Polearms
  2445 | D:4      | Reached XP level 6. HP: 38/49 MP: 6/6
  2451 | D:4      | Found a glowing silver altar of Zin.
  2530 | D:4      | Noticed Pikel
  2530 | D:4      | Noticed an ice beast
  2533 | D:4      | Noticed Sigmund
  2630 | D:4      | Noticed Blork the orc
  2636 | D:4      | Killed Sigmund
  2636 | D:4      | Killed an ice beast
  2636 | D:4      | Killed by an exploding ice beast... ignited by their inner
                  | flame

Illustrated notes

Levels and vault maps discovered:
D:1:      noname_arrival_rooms_in_the_neighbourhood, layout_basic,
          minmay_pentomino_q4
D:2:      layout_loops_ring, uniq_robin
D:3:      layout_basic, nicolae_shop_unique_rings, uniq_jessica, uniq_ijyb
D:4:      layout_gridville, zin_academy, uniq_blork_the_orc, uniq_sigmund,
          uniq_pikel
D:5:      layout_loops_ring, grunt_temple_overflow_opulence, chei_slow_surprise,
          minmay_overflow_temple_star_quad

Skill      XL: |  1  2  3  4  5 |
---------------+----------------+-----
Polearms       | 3 4 5 |  5.3
Dodging        | 3 4 |  4.0
Stealth        | 6 |  6.4
Fighting       | 4 |  4.5
Armour         | 1 |  1.0

Action                     |  1- 3 |  4- 6 || total
---------------------------+-------+-------++-------
  Melee: Spear             |   142 |   228 ||   370
  Throw: Stone             |       |     4 ||     4
 Invoke: Draw Destruction  |       |     5 ||     5
  Evoke: Wand              |     1 |     3 ||     4
    Use: Scroll            |     2 |     9 ||    11
         Potion            |       |     2 ||     2
   Stab: Sleeping          |     5 |     4 ||     9
         Distracted        |     1 |     1 ||     2
 Armour: Scale mail        |    62 |    15 ||    77
         Leather armour    |     2 |       ||     2
         Chain mail        |       |    70 ||    70
         Plate armour      |       |    77 ||    77
  Dodge: Dodged            |    39 |    72 ||   111
  Block: Other             |       |    25 ||    25

Table legend: (Time is in decaauts)
 A = Elapsed time spent in this place.
 B = Non-inter-level travel time spent in this place.
 C = Inter-level travel time spent in this place.
 D = Time resting spent in this place.
 E = Time spent auto-exploring this place.
 F = Levels seen in this place.
 G = Mean time per level.
                   A        B        C        D        E       F      G
               +--------+--------+--------+--------+--------+-----+--------+
         Total |   2587 |   1889 |    698 |      0 |    985 |   5 |  517.4 |
       Dungeon |   2587 |   1889 |    698 |      0 |    985 |   5 |  517.4 |
               +--------+--------+--------+--------+--------+-----+--------+

Top non-repeatable levels by time:
     D:1: 874 daAuts
     D:2: 723 daAuts
     D:3: 714 daAuts
     D:4: 220 daAuts
     D:5: 55 daAuts
